 Dungeon Crawl Stone Soup version 0.30.0-20-g3615ddf2f0 (webtiles) character file.

Game seed: 6931652482095573966

18 qw the Shield-Bearer (level 2, 0/19 HPs)
             Began as a Gargoyle Fighter on May 31, 2023.
             Slain by a goblin
             ... wielding a +0 club
             ... led by Robin
              (4 damage)
             ... on level 2 of the Dungeon.
             The game lasted 00:00:09 (147 turns).

qw the Shield-Bearer (Gargoyle Fighter)              Turns: 147, Time: 00:00:09

Health: 0/19       AC:  9    Str: 19    XL:     2   Next: 66%
Magic:  2/2        EV:  9    Int:  8    God:
Gold:   14         SH:  4    Dex:  9    Spells: 1/1 levels left

rFire   . . .        a - +0 war axe
rCold   . . .        c - +0 buckler
rNeg    + . .        b - +0 scale mail
rPois   inf          (no helmet)
rElec   +            (no cloak)
rCorr   .            (no gloves)
SInv    .            (no boots)
Will    .....        (no amulet) Stlth
                     (no ring)
HPRegen 0.23/turn    (no ring)
MPRegen 0.08/turn

%: no passive effects
@: no status effects
A: sickness immunity, AC +2, negative energy resistance 1, electricity
resistance, torment resistance 1, petrification resistance
a: no special abilities


You were on level 2 of the Dungeon.
You visited 1 branch of the dungeon, and saw 2 of its levels.

You collected 14 gold pieces.


Innate Abilities, Weirdness & Mutations

You are immune to sickness and miasma.
Your stone body is resilient. (AC +2)
You are immune to poison.
You resist negative energy. (rN+)
You are resistant to electric shocks. (rElec)
You are resistant to unholy torment.
You are immune to petrification.


   Skills:
 - Level 3.2 Fighting
 + Level 2.9 Axes
 - Level 3.2 Armour
 - Level 3.2 Shields


You had one spell level left.
You didn't know any spells.
Your spell library was empty.

Inventory:

Hand Weapons
 a - a +0 war axe (weapon)
 e - a +0 club
Armour
 b - a +0 scale mail (worn)
 c - a +0 buckler (worn)
Scrolls
 f - a scroll of identify {unknown}
Potions
 d - a potion of might

Dungeon Overview and Level Annotations

Branches:
Dungeon (1/15)

Altars:

Annotations:
D:2 Robin


Message History

You hit the worm. You barely miss the goblin.
The hobgoblin hits you but does no damage.
The goblin hits you but does no damage. The worm bites you.
You closely miss the hobgoblin.
The hobgoblin is moderately wounded.
You hit the worm. You closely miss the goblin.
The hobgoblin hits you but does no damage.
The goblin closely misses you. The worm bites you!
The goblin hits you with a +0 club.
A goblin comes into view. It is wielding a +0 club.
The hobgoblin barely misses you.
You barely miss the hobgoblin.
The hobgoblin is moderately wounded.
You hit the worm. You completely miss the goblin.
You block the hobgoblin's attack.
A goblin comes into view. It is wielding a +0 club.
The goblin barely misses you. You block the worm's attack.
You barely miss the hobgoblin.
The hobgoblin is moderately wounded.
You hit the worm. You barely miss the goblin. The hobgoblin hits you.
A goblin comes into view. It is wielding a +0 dagger.
The goblin hits you with a +0 club.
A dart slug comes into view.
You slash the worm!
You kill the worm!
You closely miss the hobgoblin. You slash the goblin!
You kill the goblin!
The hobgoblin hits you but does no damage.
Robin of the Strong Arm comes into view.
They are wielding a +0 mace.
The hobgoblin barely misses you.
A goblin comes into view. It is wielding a +0 club.
The goblin hits you but does no damage. You block the goblin's attack.
Robin moves out of view.
You closely miss the hobgoblin.
The hobgoblin is moderately wounded.
You hit the goblin but do no damage. You closely miss the goblin.
The hobgoblin hits you but does no damage.
The goblin hits you but does no damage. The goblin hits you with a +0 club.
You die...

#.#.####.##
#...# ##..##
##...# ##
##....# ..#
#..#..# ...#
#..##..# ....#
#..##.g##.....#
..[.##gg@..#
#####..gg####
#.#gg# #..#.?#
...#....
####)..w.
...... #....g.g


You could see a dart slug, a hobgoblin and 7 goblins.

Vanquished Creatures
  A worm (D:2)
  A dart slug (D:2)
  An endoplasm (D:1)
  A giant cockroach (D:1)
  3 goblins
  2 hobgoblins (D:1)
  A ball python (D:1)
  A frilled lizard (D:1)
  A rat (D:2)
12 creatures vanquished.

Notes
Turn   | Place    | Note
-------+----------+-------------------------------------------
     0 | D:1      | qw the Gargoyle Fighter began the quest for the Orb.
     0 | D:1      | Reached XP level 1. HP: 14/14 MP: 1/1
     0 | D:1      | 0 ||| qw: Version: 0.2-a-102-gfc559e5
     0 | D:1      | 0 ||| qw: Game counter: 525
     0 | D:1      | 0 ||| qw: Always use a shield: true
     0 | D:1      | 0 ||| qw: God list: Okawaru
     0 | D:1      | 0 ||| qw: Allow faded altars: false
     0 | D:1      | 0 ||| qw: Do Orc after D:15 true
     0 | D:1      | 0 ||| qw: Do second Lair branch before Depths: true
     0 | D:1      | 0 ||| qw: Lair rune preference: random
     0 | D:1      | 0 ||| qw: Plans: Normal, Zot:1-4, Slime:5, God:TSO, Crypt,
                  | Tomb, Pan, Hells, Abyss, Win
     0 | D:1      | 0 ||| PLANNING D:1-11
    92 | D:1      | Reached XP level 2. HP: 19/19 MP: 2/2
   106 | D:1      | You fall into a shaft and drop 1 floor!
   130 | D:2      | 130 ||| Stepping ~*~*~tactically~*~*~ (stealth).
   145 | D:2      | HP: 3/19 [goblin/+0 club[Robin] (2)]
   146 | D:2      | Noticed Robin
   147 | D:2      | Slain by a goblin

Levels and vault maps discovered:
D:1:      lightli_arrival_noodles, layout_rooms,
          chequers_ecumenical_altar_simple_redux, serial_bayou_pond_d
D:2:      kennysheep_big_flooded_room, layout_rooms, minmay_fractal_squares_5,
          uniq_crazy_yiuf_cottage, uniq_robin

Skill      XL: |  1 |
---------------+----+-----
Axes           | 2 |  2.9
Fighting       | |  3.2
Armour         | |  3.2
Shields        | |  3.2

Action                     || total
---------------------------++-------
  Melee: War axe           ||    36
 Armour: Scale mail        ||    19
  Dodge: Dodged            ||    17
  Block: Buckler           ||     6

Table legend:
 A = Non-vault XP
 B = Vault XP
 C = Vault XP percentage of total XP
 D = Non-vault monster count
 E = Vault monster count
 F = Vault count percentage of total count
                 A         B        C        D         E       F
            +---------+---------+-------+---------+---------+-------
      Total |      22 |       4 |  15.4 |      10 |       2 |  16.7
            +---------+---------+-------+---------+---------+-------
        D:1 |      12 |       0 |   0.0 |       7 |       0 |   0.0
        D:2 |      10 |       4 |  28.6 |       3 |       2 |  40.0
            +---------+---------+-------+---------+---------+-------
